 Dungeon Crawl Stone Soup version 0.30-a0-6-g7c9e10e132 (webtiles) character file.

Game seed: 15663693005273245484

2694 avis the Caller (level 9, -11/39 HPs)
             Began as a Felid Summoner on Aug 22, 2022.
             Was an Initiate of Gozag.
             Mangled by a wyvern (14 damage)
             ... on level 8 of the Dungeon on Aug 23, 2022.
             The game lasted 01:08:20 (12280 turns).

avis the Caller (Felid Summoner)                   Turns: 12280, Time: 01:08:21

Health: -11/39     AC:  2    Str:  4    XL:     9   Next: 38%
Magic:  2/20       EV: 20    Int: 20    God:    Gozag
Gold:   314        SH:  0    Dex: 17    Spells: 6/21 levels left
                                        Lives:  0   Deaths: 2

rFire   + . .      SeeInvis +    (weapon unavailable)
rCold   . . .      Faith    .    (shield unavailable)
rNeg    . . .      Spirit   .    (body armour unavailable)
rPois   .          Reflect  .    (helmet unavailable)
rElec   .          Harm     .    (cloak unavailable)
rCorr   .          Rampage  .    (gloves unavailable)
Will    +....                    (boots unavailable)
Stlth   +++.......               (no amulet)
HPRegen 0.13/turn                i - +4 ring of slaying
MPRegen 0.17/turn                t - ring of protection from fire

@: quick
A: very small, claws 1, fangs 3, see invisible, speed 1, shaggy fur 2, stealthy
paws, no weapons or thrown items, no armour, multi-lived
a: Renounce Religion, Potion Petition, Call Merchant, Bribe Branch


You were on level 8 of the Dungeon.
You worshipped Gozag.
Gozag was aware of your devotion.
You visited 2 branches of the dungeon, and saw 9 of its levels.

You collected 426 gold pieces.
You paid 112 gold pieces to Gozag.

Inventory:

Jewellery
 i - a +4 ring of slaying (left paw)
 k - a ring of magical power
 t - a ring of protection from fire (right paw)
Wands
 b - a wand of quicksilver (6)
 c - a wand of flame (51)
Scrolls
 a - a scroll of torment {unknown}
 d - 2 scrolls of immolation
 g - a scroll of magic mapping {unknown}
 h - 3 scrolls of fear
 j - 2 scrolls of vulnerability
 l - 2 scrolls of enchant weapon {unknown}
 m - a scroll of fog {unknown}
 o - a scroll of noise {unknown}
 r - 3 scrolls of teleportation {unknown}
Potions
 e - 5 potions of flight
 f - a potion of brilliance
 n - 2 potions of mutation


   Skills:
 + Level 3.7 Fighting
 + Level 6.1 Dodging
 + Level 4.0 Stealth
 + Level 6.9 Spellcasting
 - Level 5.0 Hexes
 + Level 7.3 Summonings
 - Level 2.0 Transmutations
 * Level 6.5 Air Magic


You had 6 spell levels left.
You knew the following spells:

 Your Spells              Type           Power      Damage    Failure   Level
a - Summon Small Mammal   Summ           100%       N/A       1%          1
c - Call Imp              Summ           36%        N/A       1%          2
d - Call Canine Familiar  Summ           36%        N/A       1%          3
e - Passwall              Tmut/Erth      8%         N/A       10%         2
g - Summon Guardian Gole  Hex/Summ       31%        N/A       2%          3
l - Summon Lightning Spi  Summ/Air       34%        N/A       5%          4

Your spell library contained the following spells:

 Spells                   Type           Power      Damage    Failure   Level
 Tukima's Dance           Hex            26%        N/A       3%          3
 Beastly Appendage        Tmut           28%        N/A       4%          1
 Apportation              Tloc           12%        N/A       10%         1
 Foxfire                  Conj/Fire      24%        2x1d5     10%         1
 Sandblast                Erth           12%        2d6       10%         1
 Inner Flame              Hex/Fire       16%        N/A       11%         3
 Conjure Flame            Conj/Fire      6%         6-21      28%         3
 Stone Arrow              Conj/Erth      12%        3d7       28%         3
 Flame Wave               Conj/Fire      6%         2d5       67%         4
 Blade Hands              Tmut           7%         N/A       75%         5
 Portal Projectile        Hex/Tloc       Unusable   N/A       N/A         3

Dungeon Overview and Level Annotations

Branches:
Dungeon (8/15)             Temple (1/1) D:5
   Lair: D:8-11

Altars:
Dithmenos
Elyvilon
Fedhas
Gozag
Hepliaklqana
Makhleb
Nemelex Xobeh
Okawaru
Qazlal
Sif Muna
Trog
Uskayaw
Vehumet
Wu Jian
Xom
Zin

Shops:
D:5 *

Annotations:
D:3 3 runed translucent doors, Dermit's ghost, amateur DsBe
D:8 Joseph


Innate Abilities, Weirdness & Mutations

You have sharp claws.
You have razor-sharp teeth.
You have supernaturally acute eyesight. (SInv)
You cover ground quickly. (Speed+)
You are covered in thick fur. (AC +2)
Your paws help you pounce on unaware monsters.
You are incapable of wielding weapons or throwing items.
You cannot wear armour.
You gain extra lives every three experience levels.


Message History

Your quokka dies!
Your quokka's corpse disappears in a puff of smoke!
The centaur shouts!
Your bat hits the centaur. The centaur closely misses you.
The centaur kicks you.
* * * LOW HITPOINT WARNING * * *
Your bat hits the centaur but does no damage.
The centaur completely misses you.
The centaur kicks you but does no damage.
You barely miss the centaur.
The centaur is almost dead.
Your bat hits the centaur but does no damage.
The centaur closely misses you. The centaur kicks you.
* * * LOW HITPOINT WARNING * * *
Casting: Summon Small Mammal (safe; 1% risk of failure)
Confirm with . or Enter, or press ? or * to list all spells.
Your bat hits the centaur but does no damage.
The centaur misses your bat. The centaur closely misses your bat.
The centaur misses you. The centaur barely misses you.
You swap places.
Your bat hits the centaur.
The centaur wields a +0 shortbow.
The centaur shoots an arrow.
The arrow hits your bat!
Your bat dies!
Your bat's corpse disappears in a puff of smoke!
The centaur shoots an arrow.
The arrow hits your quokka!
Your quokka dies!
Your quokka's corpse disappears in a puff of smoke!
You scratch the centaur but do no damage.
The centaur is almost dead.
The centaur unwields a +0 shortbow.
The centaur hits you.
* * * LOW HITPOINT WARNING * * *
The centaur closely misses you.
Okay, then.
As you read the scroll of fear, it crumbles to dust.
You assume a fearsome visage.
The centaur looks frightened!
There is a stone staircase leading down, spattered with blood here.
You climb downwards.
Level annotation: Joseph The wyvern bites you!
You die...
Your body crumbles into a pile of gold.

##### #...#
#...# #...#
##...#####..
.
#......K..@.
...##
##.$l@#####[?
......#.....#
........#...#
...##.#######
#. #


You could see Joseph, a wyvern and a kobold.

Vanquished Creatures
  A two-headed ogre (D:7)
  A water moccasin (D:7)
  2 hounds (D:4)
  An orc priest (D:6)
  An orc wizard (D:5)
  An iguana (D:7)
  An adder (D:2)
  A white imp (D:7)
  A dart slug (D:1)
  3 orcs
  4 bats
  An endoplasm (D:1)
  2 giant cockroaches (D:1)
  2 goblins
  A jackal (D:1)
  A kobold (D:4)
  2 quokkas
  2 ball pythons (D:2)
  5 frilled lizards
  3 rats
36 creatures vanquished.

Vanquished Creatures (collateral kills)
  Maggie (D:7)
  Menkaure (D:6)
  Duvessa (D:6)
  A water moccasin (D:7)
  A nameless horror (D:5)
  2 sky beasts (D:7)
  An ogre (D:7)
  A centaur (D:7)
  2 phantoms (D:7)
  A kobold brigand (D:7)
  A bullfrog (D:7)
  A necrophage (D:7)
  4 scorpions
  3 wights (D:6)
  Dowan (D:5)
  A howler monkey (D:7)
  2 orc priests
  2 hounds
  Jessica (D:3)
  6 orc wizards
  2 iguanas
  7 adders
  2 dart slugs (D:3)
  21 orcs
  4 endoplasms
  2 giant cockroaches
  5 goblins
  2 hobgoblins
  4 jackals
  4 ball pythons
  A frilled lizard (D:2)
  7 kobolds
  2 rats (D:2)
97 creatures vanquished.

Vanquished Creatures (others)
  Sigmund (D:6)
  A wyvern (D:8)
  An ice beast (D:6)
  An orc wizard (D:6)
  An adder (D:6)
5 creatures vanquished.

Grand Total: 138 creatures vanquished

Notes
Turn   | Place    | Note
-------+----------+-------------------------------------------
     0 | D:1      | avis the Felid Summoner began the quest for the Orb.
     0 | D:1      | Reached XP level 1. HP: 7/7 MP: 4/4
   250 | D:1      | Reached XP level 2. HP: 10/11 MP: 3/6
  1105 | D:1      | Learned a level 2 spell: Call Imp
  1110 | D:2      | Reached XP level 3. HP: 9/14 MP: 4/8
  2306 | D:2      | Learned a level 3 spell: Call Canine Familiar
  2654 | D:2      | Reached XP level 4. HP: 18/18 MP: 10/10
  2658 | D:2      | Learned a level 3 spell: Summon Guardian Golem
  3175 | D:3      | Noticed Jessica
  3179 | D:3      | Killed Jessica
  3415 | D:3      | Found a runed translucent gate.
  3417 | D:3      | Found a runed translucent gate.
  3417 | D:3      | Found a runed translucent gate.
  3421 | D:3      | Noticed Dermit's ghost (amateur DsBe)
  3474 | D:3      | Found a radiant altar of Vehumet.
  3588 | D:3      | Reached XP level 5. HP: 21/21 MP: 12/12
  3597 | D:3      | Found a shadowy altar of Dithmenos.
  4243 | D:4      | Reached skill level 1 in Hexes
  4243 | D:4      | Reached skill level 5 in Summonings
  4562 | D:4      | Found a burning altar of Makhleb.
  4617 | D:4      | Gained mutation: You are covered in thick fur. (AC +2)
                  | [Felid growth]
  4617 | D:4      | Reached XP level 6. HP: 18/24 MP: 0/14
  4703 | D:4      | Learned a level 4 spell: Summon Lightning Spire
  4939 | D:4      | Found a glowing silver altar of Zin.
  5385 | D:5      | Entered Level 5 of the Dungeon
  5425 | D:5      | Found Ahiug's Overcharged Wands.
  5440 | D:5      | Reached skill level 5 in Spellcasting
  5504 | D:5      | Reached skill level 1 in Air Magic
  5556 | D:5      | Found an ornate altar of the Wu Jian Council.
  5556 | D:5      | Found a shimmering altar of Xom.
  6250 | D:4      | Killed from afar by an orc priest
  6251 | D:4      | Reached XP level 5. HP: -11/21 MP: 5/13
  6613 | D:5      | Reached XP level 6. HP: 24/24 MP: 6/14
  6779 | D:5      | Noticed a nameless horror
  6868 | D:5      | Found a shimmering blue altar of Sif Muna.
  6873 | D:5      | Learned a level 2 spell: Passwall
  6882 | D:5      | Got Sif Muna's Vademecum on Translocation
  6884 | D:5      | Got Sif Muna's Compilation of Shapes
  6886 | D:5      | Got Sif Muna's Anthology of Forms
  7561 | D:5      | Found a faded altar of an unknown god.
  7571 | D:5      | Found a staircase to the Ecumenical Temple.
  7578 | Temple   | Entered the Ecumenical Temple
  7805 | D:5      | Identified the +1 ring mail "Ynlacw" {rC++ Str+2}
  8015 | D:5      | Killed a nameless horror
  8204 | D:6      | Noticed an ice beast
  8216 | D:6      | Found a white marble altar of Elyvilon.
  8262 | D:6      | Noticed Sigmund
  8267 | D:6      | Noticed Duvessa
  8271 | D:6      | Killed an ice beast
  8272 | D:6      | Reached XP level 7. HP: 10/27 MP: 7/16
  8276 | D:6      | Noticed Dowan
  8572 | D:6      | Killed Sigmund
  8588 | D:6      | Killed Duvessa
  8589 | D:6      | Reached skill level 6 in Summonings
  8616 | D:5      | Killed Dowan
  8837 | D:6      | Reached skill level 5 in Hexes
  9070 | D:6      | Identified the +1 pair of gloves of Saypili {Drain rN+
                  | Str+5}
  9175 | D:6      | Reached XP level 8. HP: 18/31 MP: 1/17
  9177 | D:6      | Reached skill level 1 in Fighting
  9351 | D:6      | Noticed Menkaure
  9365 | D:6      | Killed Menkaure
  9366 | D:6      | Reached skill level 1 in Transmutations
  9596 | D:7      | Noticed Maggie
 10017 | D:7      | Noticed a two-headed ogre
 10027 | D:7      | Slain by a two-headed ogre
 10028 | D:7      | Reached XP level 7. HP: -4/28 MP: 6/17
 10096 | D:7      | Killed a two-headed ogre
 10097 | D:7      | Reached skill level 5 in Dodging
 10097 | D:7      | Reached skill level 5 in Air Magic
 10097 | D:7      | Reached XP level 8. HP: 34/34 MP: 1/18
 10520 | D:7      | Reached skill level 7 in Summonings
 10728 | D:7      | Reached XP level 9. HP: 37/37 MP: 11/19
 10993 | D:7      | Killed Maggie
 11160 | D:7      | Found an opulent altar of Gozag.
 11167 | D:7      | Became a worshipper of Gozag Ym Sagoz the Greedy
 12263 | D:8      | Noticed Joseph
 12280 | D:8      | Mangled by a wyvern

Illustrated notes

Levels and vault maps discovered:
D:1:      roderic_dead_forest, layout_rooms, minmay_misc_feat_rows,
          minmay_domino_2
D:2:      layout_basic
D:3:      layout_basic, mainiacjoe_overflow_concentric_impassable,
          nicolae_vehumet_altar_sigil, gammafunk_ghost_necromancy, uniq_jessica
D:4:      layout_basic, makhleb_heckhound_becter, lemuel_doored_altar
D:5:      layout_gridville, nicolae_sif_muna_little_library,
          nicolae_overflow_squiral, nicolae_temple_entry_ecumenical,
          columned_hall_lemuel, nicolae_shop_overcharged_wands
D:6:      layout_basic, elyvilon_altar_5, uniq_menkaure, uniq_duvessa,
          uniq_sigmund
D:7:      layout_loops_corners, nicolae_overflow_crystal_walls, minmay_bent,
          uniq_maggie
D:8:      layout_rooms, minmay_fountain_box, uniq_pikel, uniq_joseph, uniq_grum
Temple:   nicolae_temple_superstar

Skill      XL: |  1  2  3  4  5  6  7  8  9 |
---------------+----------------------------+-----
Spellcasting   | 3 4 5 6 |  6.9
Hexes          | 2 4 5 |  5.0
Summonings     | 5 6 7 |  7.3
Air Magic      | 2 5 6 |  6.5
Dodging        | 5 6 |  6.1
Fighting       | 2 3 |  3.7
Transmutations | 2 1 |  2.0
Stealth        | 3 4 |  4.0

Action                   |  1- 3 |  4- 6 |  7- 9 || total
-------------------------+-------+-------+-------++-------
Melee: Unarmed           |    54 |    33 |    37 ||   124
       Bite              |     5 |     2 |     5 ||    12
       Punch             |     1 |     2 |       ||     3
 Cast: Summon Small Mamm |    14 |    19 |     8 ||    41
       Call Imp          |    12 |    28 |    32 ||    72
       Call Canine Famil |       |    25 |    43 ||    68
       Summon Guardian G |       |     3 |    25 ||    28
       Summon Lightning  |       |     3 |    10 ||    13
       Passwall          |       |     2 |       ||     2
  Use: Scroll            |       |     8 |     2 ||    10
       Potion            |       |       |     8 ||     8
 Stab: Sleeping          |     5 |     1 |     1 ||     7
       Distracted        |     2 |       |       ||     2
Armor: Skin              |     6 |     4 |     9 ||    19
Dodge: Dodged            |    40 |    43 |    90 ||   173

Table legend: (Time is in decaauts)
 A = Elapsed time spent in this place.
 B = Non-inter-level travel time spent in this place.
 C = Inter-level travel time spent in this place.
 D = Time resting spent in this place.
 E = Time spent auto-exploring this place.
 F = Levels seen in this place.
 G = Mean time per level.
                   A        B        C        D        E       F      G
               +--------+--------+--------+--------+--------+-----+--------+
         Total |  11070 |   9923 |   1147 |   4016 |   3530 |   9 | 1230.0 |
       Dungeon |  10946 |   9821 |   1125 |   4016 |   3445 |   8 | 1368.2 |
        Temple |    123 |    101 |     22 |      0 |     84 |   1 |  123.0 |
               +--------+--------+--------+--------+--------+-----+--------+

Top non-repeatable levels by time:
     D:5: 2037 daAuts
     D:4: 2030 daAuts
     D:7: 1723 daAuts
     D:2: 1539 daAuts
     D:6: 1450 daAuts
     D:1: 1340 daAuts
     D:3: 774 daAuts
  Temple: 123 daAuts
     D:8: 50 daAuts
